 Dungeon Crawl Stone Soup version 0.24.1-4-ge52af88ad5 (webtiles) character file.

Game seed: 7596406106024743283, levelgen mode: deterministic

20613 hullyunghan the Cleaver (level 12, -1/76 HPs)
             Began as a Gargoyle Skald on Apr 21, 2020.
             Was a High Priest of Qazlal.
             Slain by a vault guard
             ... wielding a +0 long sword
              (7 damage)
             ... on level 14 of the Dungeon.
             The game lasted 00:48:41 (12915 turns).

hullyunghan the Cleaver (Gargoyle Skald)           Turns: 12915, Time: 00:48:41

Health: -1/76      AC: 27    Str: 23    XL:     12   Next: 81%
Magic:  19/21      EV: 14    Int: 15    God:    Qazlal [*****.]
Gold:   179        SH:  6    Dex:  6    Spells: 21/23 levels left

rFire    + + +     SeeInvis +   a - +2 war axe (elec)
rCold    + + .     Gourm    .   (no shield)
rNeg     + + .     Faith    .   J - +5 scale mail of Yredelemnul's Envy {rF+ rC++ Str+4}
rPois    ∞         Spirit   .   c - +0 helmet
rElec    +         Reflect  .   (no cloak)
rCorr    .         Harm     .   N - +0 pair of gloves
MR       +++..                  H - +1 pair of boots
Stlth    ..........             O - macabre finger necklace {rN+}
HPRegen  0.22/turn              B - +4 ring of evasion
MPRegen  0.17/turn              P - ring of the Demon Prince {Fire *Contam MR+++ Dex-3 SInv}
                                I - ring of protection from cold

@: singing, protected from fire, repel missiles
A: negative energy resistance 1, electricity resistance, unbreathing,
petrification resistance, rot immunity, AC +8
a: Upheaval, Elemental Force, Disaster Area, Renounce Religion


You were on level 14 of the Dungeon.
You worshipped Qazlal.
Qazlal was extremely pleased with you.
You were not hungry.

You visited 2 branches of the dungeon, and saw 14 of its levels.

You collected 875 gold pieces.
You spent 696 gold pieces at shops.

Inventory:

Hand Weapons
 a - a +2 war axe of electrocution (weapon)
 b - a +5 trident of freezing
 M - a +2 war axe of chopping
Missiles
 w - 36 poisoned darts
 y - 18 boomerangs (quivered)
 G - 6 curare-tipped darts
Armour
 c - a +0 helmet (worn)
 H - a +1 pair of boots (worn)
 J - the +5 scale mail of Yredelemnul's Envy (worn) {rF+ rC++ Str+4}
   (You found it on level 7 of the Dungeon)

   It affects your strength (+4).
   It protects you from fire.
   It greatly protects you from cold.
 N - a +0 pair of gloves (worn)
Jewellery
 v - an uncursed ring of positive energy
 B - a +4 ring of evasion (left hand)
 I - a ring of protection from cold (on amulet)
 K - the amulet of Monwim {Spirit rElec rC+++ Dex+3 Slay-3}
   (You took it off a wight on level 10 of the Dungeon)

   [amulet of guardian spirit]

   It causes incoming damage to be split between your health and magic.
   It affects your dexterity (+3).
   It affects your accuracy and damage with ranged weapons and melee attacks
   (-3).
   It renders you almost immune to cold.
   It insulates you from electricity.
 O - the macabre finger necklace (around neck) {rN+}
   (You found it on level 10 of the Dungeon)

   [amulet of nothing]

   It protects you from negative energy.
 P - the ring of the Demon Prince (right hand) {Fire *Contam MR+++ Dex-3 SInv}
   (You bought it in a shop on level 9 of the Dungeon)

   [ring of fire]

   It enhances your fire magic.
   It affects your dexterity (-3).
   It protects you from fire.
   It makes you vulnerable to cold.
   It affects your resistance to hostile enchantments.
   It lets you see invisible.
   It causes magical contamination when unequipped.
 S - an uncursed ring of flight
Wands
 k - a wand of digging (7)
 F - a wand of paralysis (16)
 L - a wand of acid (6)
 R - a wand of random effects (14)
Scrolls
 e - a scroll of amnesia
 f - 3 scrolls of fog
 g - a scroll of noise
 h - 2 scrolls of remove curse
 i - 3 scrolls of blinking
 j - 2 scrolls of fear {unknown}
 n - 6 scrolls of magic mapping
 p - 4 scrolls of teleportation
 r - 10 scrolls of identify
 s - a scroll of immolation
 x - 4 scrolls of enchant armour
 D - 2 scrolls of enchant weapon
 E - a scroll of silence
 T - a scroll of holy word {unknown}
Potions
 l - 3 potions of might
 m - 4 potions of flight
 o - 4 potions of lignification
 q - 6 potions of mutation
 t - 2 potions of brilliance
 u - 5 potions of curing
 z - 2 potions of heal wounds
 A - 3 potions of ambrosia {unknown}
 C - 2 potions of cancellation
Comestibles
 d - 20 rations
 Q - 8 chunks of flesh


   Skills:
 + Level 9.1 Fighting
 + Level 11.8 Axes
 - Level 0.2(7.6) Polearms
 - Level 4.0 Throwing
 * Level 10.3 Armour
 - Level 1.5 Dodging
 - Level 0.2 Stealth
 + Level 6.2 Spellcasting
 - Level 7.0 Charms
 * Level 3.3 Invocations


You had 21 spell levels left.
You knew the following spells:

 Your Spells              Type           Power        Failure   Level  Hunger
b - Song of Slaying       Chrm           ####....     2%          2    #......

Your spell library contained the following spells:

 Spells                   Type           Power        Failure   Level  Hunger
 Infusion                 Chrm           ####         1%          1    None
 Shroud of Golubria       Chrm/Tloc      ###...       11%         2    #......
 Regeneration             Chrm/Necr      ###.......   22%         3    ##.....
 Spectral Weapon          Hex/Chrm       ###.....     22%         3    ##.....
 Animate Skeleton         Necr           N/A          30%         1    None
 Beastly Appendage        Tmut           #.....       30%         1    None
 Confusing Touch          Hex            #.....       30%         1    None
 Pain                     Necr           #...         30%         1    None
 Sticks to Snakes         Tmut           #.......     43%         2    #......
 Confuse                  Hex            #.......     67%         3    ##.....
 Gell's Gravitas          Tloc           #.........   67%         3    ##.....
 Spider Form              Tmut/Pois      #.........   67%         3    ##.....
 Vampiric Draining        Necr           #.........   67%         3    ##.....
 Animate Dead             Necr           N/A          97%         4    ####...
 Ice Form                 Ice/Tmut       #.......     97%         4    ####...
 Petrify                  Tmut/Erth      #.......     97%         4    ####...
 Blade Hands              Tmut           #.........   100%        5    ######.
 Irradiate                Conj/Tmut      #.........   100%        5    ######.
 Metabolic Englaciation   Hex/Ice        #.........   100%        5    ######.
 Yara's Violent Unravell  Hex/Tmut       #.........   100%        5    ######.
 Hydra Form               Tmut           #.........   100%        6    #######
 Dragon Form              Tmut           #.........   100%        7    #######
 Statue Form              Tmut/Erth      Unusable     N/A         6    N/A

Dungeon Overview and Level Annotations

Branches:
Dungeon (12/15)            Temple (1/1) D:5            Lair (0/6) D:8
    Orc (0/2) D:12

Altars:
Ashenzari
Cheibriados
Dithmenos
Elyvilon
Fedhas
Gozag
Hepliaklqana
Kikubaaqudgha
Makhleb
Nemelex Xobeh
Okawaru
Qazlal
Ru
Sif Muna
Trog
Uskayaw
Vehumet
Wu Jian
Xom
Yredelemnul
Zin
The Shining One

Shops:
D:4 ?   D:5 (   D:6 =   D:9 =   D:11 *

Annotations:
D:1 exclusion: 2 downstairs
D:2 Terence
D:3 1 runed translucent door, grindst0ne's ghost, amateur GnWn
D:4 exclusion: downstairs
D:5 Pikel


Innate Abilities, Weirdness & Mutations

You are resistant to torment.
Your stone body is resilient. (AC +8)
You are immune to poison.
You resist negative energy. (rN+)
You are resistant to electric shocks. (rElec)
You can survive without breathing.
You are immune to petrification.
You are immune to rotting.


Message History

You hit the vault guard but do no damage.
The vault guard is heavily wounded.
You block the vault guard's attack.
The vault guard hits you but does no damage.
Unknown command.
Things that are here:
a +0 dire flail; a +0 chain mail; a human corpse You closely miss the vault guard.
The vault guard is heavily wounded.
The vault guard blocks your attack.
The vault guard hits you but does no damage.
The vault guard hits you with a +2 bardiche of flaming!
* * * LOW HITPOINT WARNING * * *
Your resistance to physical damage fades away.
You feel protected from fire.
Casting: Song of Slaying (safe; 2% risk of failure)
Confirm with . or Enter, or press ? or * to list all spells.
You start a new song!
The vault guard hits you with a +0 long sword!
You die...

########### #.........#
########### #......°.○#
###......>..#
#......○p)###...........##
+......°°@p...#.........#.
#.......))#####.........÷.
#.......§○# #.p.......##
#.........# ##p########
####'###### #.## #.## #.p#
#..### ##p# ##...# #.#
###'#### ###.#######


You could see 2 vault guards.

Vanquished Creatures
  3 vault guards (D:14)
  A hydra (D:10)
  A two-headed ogre (D:11)
  Sonja (D:11)
  2 unseen horrors (D:10)
  A cyclops (D:12)
  2 ugly things
  Joseph (D:9)
  2 gargoyles
  2 trolls
  10 hippogriffs
  6 slime creatures (D:12)
  A hornet (D:7)
  A human (D:14)
  A wyvern (D:8)
  Sigmund (D:5)
  10 yaks
  3 hungry ghosts
  A vampire mosquito (D:10)
  A hornet zombie (D:10)
  3 orc warriors
  5 ice beasts
  4 slaves
  2 sky beasts
  2 black bears
  6 ogres
  A necrophage (D:8)
  2 phantoms
  9 centaurs
  3 crocodiles
  A big kobold (D:10)
  Blork the orc (D:5)
  10 bullfrogs
  A wyvern skeleton (D:11)
  A wyvern zombie (D:10)
  A scorpion (D:7)
  6 killer bees (D:8)
  3 howler monkeys (D:9)
  17 wights
  An electric eel (D:6)
  7 crimson imps
  2 bullfrog zombies
  2 quasits
  8 jellies
  2 hounds
  2 centaur zombies
  A gnoll shaman (D:6)
  4 orc priests
  10 orc wizards
  8 iguanas
  4 worker ants
  A killer bee zombie (D:8)
  2 hound zombies
  A hound skeleton (D:10)
  A howler monkey skeleton (D:4)
  8 gnolls
  8 adders
  3 shadow imps
  An ooze (D:1)
  2 adder zombies (D:6)
  3 worms (D:3)
  4 dart slugs
  2 leopard geckos
  27 orcs
  2 ball pythons
  6 giant cockroaches
  8 goblins
  9 hobgoblins
  17 jackals
  6 quokkas
  5 bats
  7 frilled lizards
  7 kobolds
  2 quokka skeletons
  11 rats
323 creatures vanquished.

Vanquished Creatures (collateral kills)
  A vault guard (D:14)
1 creature vanquished.

Vanquished Creatures (others)
  A fungus (D:8)
  A plant (D:8)
2 creatures vanquished.

Grand Total: 326 creatures vanquished

Notes
Turn   | Place    | Note
-------+----------+-------------------------------------------
     0 | D:1      | hullyunghan the Gargoyle Skald began the quest for the Orb.
     0 | D:1      | Reached XP level 1. HP: 12/12 MP: 3/3
   263 | D:1      | Reached skill level 2 in Axes
   268 | D:1      | Reached XP level 2. HP: 18/18 MP: 5/5
   697 | D:1      | Reached XP level 3. HP: 21/22 MP: 6/6
  1017 | D:2      | Found a sacrificial altar of Ru.
  1173 | D:2      | Reached skill level 3 in Axes
  1304 | D:2      | Reached XP level 4. HP: 28/28 MP: 7/7
  1346 | D:2      | Noticed Terence
  2204 | D:3      | Found a shimmering altar of Xom.
  2219 | D:3      | Reached XP level 5. HP: 30/32 MP: 8/8
  2389 | D:3      | Found a runed translucent door.
  2682 | D:3      | Reached skill level 4 in Axes
  2847 | D:3      | Noticed grindst0ne's ghost (amateur GnWn)
  3283 | D:4      | Found Leogg's Magic Scroll Emporium.
  3323 | D:4      | Reached XP level 6. HP: 34/37 MP: 9/9
  3355 | D:4      | Bought a scroll of magic mapping for 49 gold pieces
  3535 | D:5      | Entered Level 5 of the Dungeon
  3535 | D:5      | Noticed Blork the orc
  3607 | D:5      | Found a bloodstained altar of Trog.
  3608 | D:5      | Found a radiant altar of Vehumet.
  3655 | D:5      | Noticed Sigmund
  3690 | D:5      | Killed Blork the orc
  3727 | D:5      | Noticed a slave
  3742 | D:5      | Killed a slave
  3745 | D:5      | Noticed a slave
  3869 | D:5      | Noticed Pikel
  3989 | D:5      | Noticed a slave
  3989 | D:5      | Noticed a slave
  4062 | D:4      | Killed a slave
  4095 | D:4      | Killed a slave
  4225 | D:4      | Killed a slave
  4408 | D:4      | Reached skill level 5 in Axes
  4483 | D:5      | Killed Sigmund
  4483 | D:5      | Reached skill level 1 in Throwing
  4483 | D:5      | Reached XP level 7. HP: 40/43 MP: 10/10
  4814 | D:5      | Found a staircase to the Ecumenical Temple.
  4832 | Temple   | Entered the Ecumenical Temple
  5175 | Temple   | Became a worshipper of Qazlal Stormbringer
  5261 | D:5      | Found Hualyduh's Antique Weapon Emporium.
  5619 | D:6      | Reached skill level 6 in Axes
  5629 | D:6      | Learned a level 2 spell: Song of Slaying
  5647 | D:6      | Reached XP level 8. HP: 42/48 MP: 11/11
  5868 | D:6      | Reached skill level 5 in Armour
  6162 | D:6      | Reached skill level 5 in Fighting
  6183 | D:6      | Reached * piety under Qazlal
  6187 | D:6      | Reached skill level 7 in Axes
  6266 | D:6      | Found Gosyino's Jewellery Emporium.
  6408 | D:5      | Bought a glowing war axe for 221 gold pieces
  6553 | D:7      | Reached XP level 9. HP: 44/55 MP: 12/12
  6821 | D:7      | Reached skill level 8 in Axes
  6845 | D:7      | Got an ichor-stained scale mail
  6856 | D:7      | Identified the +5 scale mail of Yredelemnul's Envy {rF+
                  | rC++ Str+4} (You found it on level 7 of the Dungeon)
  7165 | D:7      | Noticed a hornet
  7171 | D:7      | Killed a hornet
  7493 | D:8      | Reached ** piety under Qazlal
  7628 | D:8      | Reached XP level 10. HP: 61/61 MP: 14/14
  7891 | D:8      | Reached skill level 9 in Axes
  8112 | D:8      | Found a staircase to the Lair.
  8162 | D:8      | Reached *** piety under Qazlal
  8764 | D:9      | Noticed Joseph
  8794 | D:9      | Killed Joseph
  8815 | D:9      | Reached skill level 5 in Charms
  8816 | D:9      | Paralysed by fainting for 10 turns
  9020 | D:9      | Found Heacal's Jewellery Shop.
  9120 | D:9      | Reached XP level 11. HP: 65/67 MP: 13/17
  9129 | D:9      | Reached skill level 10 in Axes
  9254 | D:9      | Reached **** piety under Qazlal
  9486 | D:9      | Found a blossoming altar of Fedhas.
  9687 | D:10     | Entered Level 10 of the Dungeon
  9706 | D:9      | Reached skill level 5 in Spellcasting
  9755 | D:10     | Killed an unseen horror
  9922 | D:10     | Killed an unseen horror
 10015 | D:10     | Noticed a cyan ugly thing
 10032 | D:10     | Identified the amulet of Monwim {Spirit rElec rC+++ Dex+3
                  | Slay-3}
 10034 | D:10     | Killed a cyan ugly thing
 10448 | D:10     | Noticed a five-headed hydra
 10449 | D:10     | Found the macabre finger necklace {rN+}
 10470 | D:10     | Killed a five-headed hydra
 10768 | D:10     | Got a brightly glowing chain mail
 10779 | D:10     | Identified the +4 chain mail "Datirgh" {rElec rC- rCorr
                  | Str+4} (You found it on level 10 of the Dungeon)
 11043 | D:11     | Noticed a two-headed ogre
 11058 | D:11     | Killed a two-headed ogre
 11058 | D:11     | Reached XP level 12. HP: 39/74 MP: 19/21
 11067 | D:11     | Reached skill level 11 in Axes
 11425 | D:11     | Found Rius's Assorted Antiques.
 11454 | D:11     | Noticed Sonja
 11459 | D:11     | Killed Sonja
 11687 | D:11     | Reached ***** piety under Qazlal
 12128 | D:9      | Bought the ring of the Demon Prince {Fire *Contam MR+++
                  | Dex-3 SInv} for 426 gold pieces
 12233 | D:12     | Reached skill level 1 in Invocations
 12358 | D:12     | Found a staircase to the Orcish Mines.
 12741 | D:12     | You fall into a shaft and drop 2 floors!
 12852 | D:14     | Noticed a vault guard
 12853 | D:14     | Noticed a vault guard
 12854 | D:14     | Noticed a vault guard
 12863 | D:14     | Noticed a vault guard
 12868 | D:14     | Noticed a vault guard
 12873 | D:14     | Noticed a vault guard
 12874 | D:14     | Killed a vault guard
 12874 | D:14     | Noticed a vault guard
 12908 | D:14     | Killed a vault guard
 12908 | D:14     | Reached skill level 10 in Armour
 12909 | D:14     | Killed a vault guard
 12910 | D:14     | Killed a vault guard
 12915 | D:14     | Slain by a vault guard

Levels and vault maps discovered:
D:1:      lemuel_arrival_behind_the_door_small, layout_loops_cross
D:2:      layout_rooms, lemuel_crystal_altar, first_ration, uniq_terence
D:3:      layout_loops_corners, xom_teletrap_fun, ebering_ghost_sewer_d,
          chequers_serial_rivers_room_b, minmay_misc_feat_square,
          grunt_decor_mini_mirrors
D:4:      layout_rooms, serial_shops, shop, dk_rats_in_the_wall
D:5:      layout_basic, gammafunk_temple_overflow_statue,
          minmay_temple_entry_offerings, serial_shops, kennysheep_mini_moat,
          minmay_misc_feat_pillars, uniq_sigmund, uniq_pikel, uniq_blork_the_orc
D:6:      kennysheep_six_static_rooms, layout_cave_pools, serial_shops, shop,
          hangedman_decor_slide_cut, minmay_crystal_water
D:7:      layout_cave_pods
D:8:      layout_loops_ring, david_lair_generic
D:9:      layout_loops_ring, serial_shops, shop, fedhas_altar_fruit_tree,
          uniq_joseph
D:10:     minmay_the_grid_octo_triangle [minmay_the_grid_octo_clover,
          minmay_the_grid_octo_prize_single_spiral,
          minmay_the_grid_octo_vomiting_pacman], layout_irregular_city
D:11:     layout_stronghold, serial_shops, kennysheep_mini, uniq_sonja
D:12:     layout_basic, david_orc_2
D:14:     layout_roguey, erik_vaults_2, hangedman_decor_clover_reticule,
          grunt_pizzeria
Temple:   hc_temple_tempest_star

Skill      XL: |  1  2  3  4  5  6  7  8  9 10 11 12 |
---------------+-------------------------------------+-----
Axes           | 2 3 4 5 6 7 8 9 10 11 | 11.8
Fighting       | 3 4 5 6 7 8 9 |  9.1
Armour         | 2 3 4 5 7 8 10 | 10.3
Throwing       | 1 2 3 4 |  4.0
Charms         | 3 5 6 7 |  7.0
Spellcasting   | 3 4 6 |  6.2
Invocations    | 3 |  3.3
Polearms       | |  0.2
Dodging        | |  1.5
Stealth        | |  0.2

Action                   |  1- 3 |  4- 6 |  7- 9 | 10-12 || total
-------------------------+-------+-------+-------+-------++-------
Melee: Hand axe          |   125 |   396 |   263 |   511 ||  1295
       Trident           |       |       |       |    17 ||    17
       War axe           |       |       |       |    54 ||    54
Throw: Dart              |       |    19 |    16 |    24 ||    59
       Boomerang         |       |       |     2 |    10 ||    12
 Cast: Infusion          |     1 |       |       |       ||     1
       Song of Slaying   |       |       |     2 |    32 ||    34
Invok: Elemental Force   |       |       |       |     1 ||     1
Evoke: Wand              |       |       |       |     5 ||     5
  Use: Scroll            |     3 |     5 |       |    14 ||    22
       Potion            |       |     1 |       |     1 ||     2
 Stab: Paralysed         |       |       |       |     2 ||     2
  Eat: Chunk             |     1 |     9 |    11 |    17 ||    38
       Ration            |       |     1 |       |     1 ||     2
Armor: Leather armour    |    39 |       |       |       ||    39
       Chain mail        |    35 |   238 |    81 |       ||   354
       Scale mail        |       |       |    36 |   299 ||   335
       Plate armour      |       |       |    11 |       ||    11
Dodge: Dodged            |    66 |   174 |   158 |   330 ||   728
       Deflected         |       |       |       |    10 ||    10
Block: Other             |       |       |     9 |   125 ||   134
